 Dungeon Crawl Stone Soup version 0.30.0-3-ga4e48a9924 (webtiles) character file.

Game seed: 8351454218696652840

3434 SnakkuSnakku7 the Carver (level 10, -2/76 HPs)
             Began as a Merfolk Reaver on May 7, 2023.
             Slain by a shadow (11 damage)
             ... on level 7 of the Dungeon.
             The game lasted 00:12:16 (8455 turns).

SnakkuSnakku7 the Carver (Merfolk Reaver)           Turns: 8455, Time: 00:12:17

Health: -2/76      AC:  7    Str: 13    XL:     10   Next: 5%
Magic:  13/13      EV: 17    Int: 18    God:
Gold:   378        SH:  0    Dex: 23    Spells: 12/13 levels left

rFire   . . .        a - +0 falchion
rCold   + . .        (no shield)
rNeg    . . .        w - +2 robe {rC+}
rPois   .            (no helmet)
rElec   .            u - +1 cloak
rCorr   .            F - +0 pair of gloves
SInv    .            (no boots)
Will    .....        (no amulet)
Stlth   ++           k - +6 ring of dexterity
HPRegen 0.32/turn    h - +6 ring of intelligence
MPRegen 0.13/turn

%: no passive effects
@: hasted, very quick
A: (nimble swimmer 2), mertail
a: no special abilities


You were on level 7 of the Dungeon.
You visited 1 branch of the dungeon, and saw 8 of its levels.

You collected 378 gold pieces.

Inventory:

Hand Weapons
 a - a +0 falchion (weapon)
 e - a +0 dagger of venom
Missiles
 f - 4 boomerangs
 y - a curare-tipped dart
 E - 4 poisoned darts (quivered)
Armour
 b - a +0 leather armour
 c - a +0 ring mail
 m - a +0 tower shield
 u - a +1 cloak (worn)
 w - a +2 robe of cold resistance (worn)
 F - a +0 pair of gloves (worn)
Jewellery
 h - a +6 ring of intelligence (right hand)
 k - a +6 ring of dexterity (left hand)
 C - a +6 ring of intelligence
Scrolls
 g - 2 scrolls of magic mapping {unknown}
 i - 2 scrolls of fear {unknown}
 o - 3 scrolls of enchant armour
 p - 2 scrolls of enchant weapon {unknown}
 q - a scroll of torment {unknown}
 r - a scroll of summoning {unknown}
 s - 2 scrolls of blinking {unknown}
 t - a scroll of brand weapon {unknown}
 v - a scroll of immolation
 B - 2 scrolls of amnesia
Potions
 d - 2 potions of ambrosia
 j - a potion of berserk rage
 l - a potion of curing
 n - a potion of attraction
 z - a potion of invisibility
 A - 2 potions of might
 D - a potion of brilliance {unknown}
 G - a potion of magic {unknown}


   Skills:
 - Level 6.0 Fighting
 - Level 14.0 Long Blades
 - Level 4.0 Throwing
 + Level 6.2 Dodging
 - Level 2.0 Spellcasting
 - Level 2.4 Conjurations


You had 12 spell levels left.
You knew the following spells:

 Your Spells              Type           Power      Damage    Failure   Level
a - Kiss of Death         Conj/Necr      24%        2d7       11%         1

Your spell library contained the following spells:

 Spells                   Type           Power      Damage    Failure   Level
 Momentum Strike          Conj/Tloc      12%        3d8       17%         2
 Sublimation of Blood     Necr           1%         N/A       26%         2
 Wereblood                Tmut           1%         N/A       26%         2
 Hailstorm                Conj/Ice       6%         3d4       32%         3
 Summon Hydra             Summ           0%         N/A       100%        7


Dungeon Overview and Level Annotations

Branches:
Dungeon (8/15)             Temple (0/1) D:6
   Lair: D:8-11

Altars:
Dithmenos
Elyvilon
Kikubaaqudgha
Okawaru
Zin
The Shining One

Annotations:
D:5 1 runed translucent door, aaron's ghost, amateur TrMo
D:6 3 runed translucent doors, Inkenn's ghost, novice OpFi
D:7 2 runed translucent doors
D:8 Grum


Innate Abilities, Weirdness & Mutations

((You are very nimble when in or above water. (Stealth+, EV+, Speed+++)))
Your lower body shifts to a powerful aquatic tail in water.


Message History

Grum hits you from afar with a +0 heavy spear!
The wolf barely misses you. The wolf misses you. The wolf bites you.
There is an escape hatch in the ceiling here.
The wolf bites you. The wolf bites you but does no damage.
The wolf misses you. x2
A mysterious force pulls you upwards. The hatch slams shut behind you.
Level annotation: 3 runed translucent doors The bullfrog gives a loud, deep croak!
The killer bee buzzes angrily.
You barely miss the ice beast. The shadow barely misses you.
The ice beast misses you.
You barely miss the two-headed ogre. The ice beast closely misses you.
The shadow hits you.
Unknown command.
As you read the scroll labelled AKHIUD IRIE, it crumbles to dust.
It is a scroll of amnesia.
Really abort (and waste the scroll)?
Okay, then.
The shadow slips into darkness.
The shadow flickers and vanishes!
Deactivating autopickup; reactivate with Ctrl-A.
The ice beast barely misses you. The two-headed ogre barely misses you.
The two-headed ogre misses you.
Unknown command.
Okay, then.
You feel yourself speed up. The white imp gestures at you.
The puff of frost hits you. You resist.
The ice beast hits you but does no damage.
The shadow strikes at you from the darkness!
Reactivating autopickup.
You open the door. The two-headed ogre barely misses you.
The two-headed ogre hits you with a +0 giant spiked club!!
* * * LOW HITPOINT WARNING * * *
Unknown command.
As you read the scroll labelled KYLAVI NAF CUY, it crumbles to dust.
It is a scroll of enchant armour.
Your +0 cloak glows green for a moment.
The bullfrog closely misses you. The ice beast misses you. The shadow hits you!
You die...

#.#####.##...#...####.#
#.# #.##.....###....# #.#
#.#....###..#.###
#.#####...#####.#.##..#
####...#...###'..#..#..#.#
#....#...####.###.##.##.##
#.##...#####.## ###.##.#.#
#....#######+## ###.#.##
#..### ##@Ooy## ###..#
#..#...oFYWYf## ####
#..######.z5o## # #..#
#####+## # #..# #####.##
### ##.# ##. ###.. #.# #+
###...# #.# ###...### #.#
###........


You could see a two-headed ogre, an orc warrior, 2 ice beasts, a sleepcap, a
shadow, a bullfrog, a killer bee, a wight, an orc wizard, a white imp and an
orc.

Vanquished Creatures
  Pikel (D:4)
  Sigmund (D:6)
  Menkaure (D:7)
  A water moccasin (D:5)
  2 orc warriors
  3 black bears
  An ogre (D:6)
  3 centaurs (D:7)
  4 lemures (D:3)
  A phantom (D:7)
  4 bullfrogs
  A kobold brigand (D:6)
  3 scorpions
  4 wights
  5 killer bees (D:7)
  3 howler monkeys
  3 hounds
  A gnoll bouda (D:5)
  A sleepcap (D:6)
  Terence (D:2)
  4 iguanas
  6 orc wizards
  9 gnolls
  9 adders
  A shadow imp (D:6)
  3 worms
  2 dart slugs
  18 orcs
  9 bats
  2 endoplasms
  3 giant cockroaches (D:1)
  4 goblins
  5 hobgoblins
  A quokka (D:1)
  5 ball pythons
  A frilled lizard (D:3)
  9 kobolds
  10 rats
145 creatures vanquished.

Vanquished Creatures (others)
  11 plants (D:6)
11 creatures vanquished.

Grand Total: 156 creatures vanquished

Notes
Turn   | Place    | Note
-------+----------+-------------------------------------------
     0 | D:1      | SnakkuSnakku7 the Merfolk Reaver began the quest for the
                  | Orb.
     0 | D:1      | Reached XP level 1. HP: 16/16 MP: 3/3
   169 | D:1      | Reached XP level 2. HP: 23/23 MP: 5/5
   215 | D:1      | Reached skill level 4 in Long Blades
   654 | D:2      | Reached XP level 3. HP: 15/29 MP: 6/6
  1363 | D:2      | Noticed Terence
  1374 | D:2      | Killed Terence
  1375 | D:2      | Reached skill level 5 in Long Blades
  1375 | D:2      | Reached XP level 4. HP: 13/37 MP: 7/7
  1728 | D:3      | Reached XP level 5. HP: 34/42 MP: 8/8
  2328 | D:4      | Reached skill level 1 in Throwing
  2539 | D:4      | Reached skill level 6 in Long Blades
  2539 | D:4      | Reached XP level 6. HP: 18/49 MP: 9/9
  3212 | D:4      | Noticed Pikel
  3232 | D:4      | Killed Pikel
  3233 | D:4      | Reached skill level 7 in Long Blades
  3233 | D:4      | Reached XP level 7. HP: 23/55 MP: 10/10
  3721 | D:5      | Entered Level 5 of the Dungeon
  3730 | D:5      | Reached skill level 8 in Long Blades
  3914 | D:5      | Found a runed translucent door.
  3917 | D:5      | Noticed aaron's ghost (amateur TrMo)
  3959 | D:5      | Reached skill level 5 in Fighting
  3959 | D:5      | Reached XP level 8. HP: 53/60 MP: 11/11
  4264 | D:5      | Reached skill level 9 in Long Blades
  4706 | D:6      | Noticed Inkenn's ghost (novice OpFi)
  4706 | D:6      | Noticed a komodo dragon
  4712 | D:6      | Found a runed translucent gate.
  4712 | D:6      | Found a runed translucent gate.
  4714 | D:6      | Found a runed translucent gate.
  4787 | D:6      | Found a shadowy altar of Dithmenos.
  5100 | D:6      | Noticed Sigmund
  5194 | D:5      | Reached skill level 10 in Long Blades
  5520 | D:6      | Found a staircase to the Ecumenical Temple.
  5570 | D:6      | Killed Sigmund
  5745 | D:6      | Reached skill level 11 in Long Blades
  5745 | D:6      | Reached XP level 9. HP: 65/69 MP: 12/12
  6303 | D:7      | Reached skill level 12 in Long Blades
  7142 | D:7      | Reached skill level 13 in Long Blades
  7751 | D:7      | Noticed Menkaure
  7760 | D:7      | Killed Menkaure
  7982 | D:7      | Found an ancient bone altar of Kikubaaqudgha.
  8086 | D:7      | Reached skill level 14 in Long Blades
  8086 | D:7      | Reached skill level 5 in Dodging
  8123 | D:7      | Reached XP level 10. HP: 71/76 MP: 13/13
  8155 | D:7      | Found a white marble altar of Elyvilon.
  8155 | D:7      | Found a glowing golden altar of the Shining One.
  8155 | D:7      | Found a glowing silver altar of Zin.
  8236 | D:7      | Found a runed translucent door.
  8236 | D:7      | Noticed a two-headed ogre
  8237 | D:7      | Found a runed translucent door.
  8238 | D:7      | Found a runed translucent door.
  8392 | D:8      | Found an iron altar of Okawaru.
  8428 | D:8      | Noticed Grum
  8455 | D:7      | Slain by a shadow

Illustrated notes

Levels and vault maps discovered:
D:1:      co_arrival_square_in_a_square_in_a_square, layout_basic
D:2:      layout_loops_ring, uniq_terence
D:3:      layout_loops_ring, hangedman_abyss_or_decor_lesser_grid, st_stairs_14
D:4:      layout_basic, uniq_pikel
D:5:      layout_loops_cross, hellmonk_ghost_happy_afterlife,
          eino_small_chamber_without_monster, mumra_transporter_accident
D:6:      layout_loops_ring, grunt_dithmenos_shadows,
          minmay_temple_entry_enclosed_plants, gammafunk_ghost_split,
          uniq_sigmund
D:7:      minmay_the_grid_triangle_9x9_rhombus_thin
          [minmay_the_grid_triangle_9x9_fully_insulated_deathbox,
          minmay_the_grid_triangle_9x9_prize_schism,
          minmay_the_grid_triangle_9x9_corruption,
          minmay_the_grid_triangle_9x9_shrine], layout_loops_ring,
          dreamdust_divine_triumvirate, mainiacjoe_overflow_alcove_4,
          hangedman_decor_points, uniq_menkaure
D:8:      layout_layer_cave, mainiacjoe_overflow_tiny_flanked,
          gammafunk_temple_overflow_arena, due_unseen_surprise, uniq_psyche,
          uniq_grum, uniq_erica

Skill      XL: |  1  2  3  4  5  6  7  8  9 10 |
---------------+-------------------------------+-----
Long Blades    | 4 5 6 7 8 11 14 | 14.0
Fighting       | 3 4 5 6 |  6.0
Throwing       | 1 4 |  4.0
Dodging        | 5 6 |  6.2
Spellcasting   | |  2.0
Conjurations   | |  2.4

Action                     |  1- 3 |  4- 6 |  7- 9 | 10-12 || total
---------------------------+-------+-------+-------+-------++-------
  Melee: Falchion          |   150 |   156 |   371 |    20 ||   697
         Punch             |       |       |     4 |       ||     4
  Throw: Dart              |       |    17 |    20 |     5 ||    42
         Boomerang         |       |       |     6 |     7 ||    13
   Cast: Kiss of Death     |       |       |     4 |       ||     4
  Evoke: Wand              |       |       |     3 |       ||     3
    Use: Scroll            |       |     4 |     6 |     2 ||    12
         Potion            |       |     1 |     9 |     1 ||    11
   Stab: Sleeping          |       |     2 |     3 |       ||     5
 Armour: Ring mail         |    75 |    40 |       |       ||   115
         Robe              |       |       |    66 |     3 ||    69
  Dodge: Dodged            |   101 |    77 |   240 |    20 ||   438
